 Dungeon Crawl Stone Soup version 0.31-a0-986-g5e6e4ef867 (webtiles) character file.

Game seed: 2389460444675348621

18491 DocClef the Grappler (level 12, -3/124 HPs)
             Began as a Troll Shapeshifter on Nov 10, 2023.
             Was the Champion of Okawaru.
             Asphyxiated
             ... on level 1 of the Lair of Beasts.
             The game lasted 00:18:07 (9131 turns).

DocClef the Grappler (Troll Shapeshifter)           Turns: 9131, Time: 00:18:09

Health: -3/124     AC: 12    Str: 29    XL:     12   Next: 28%
Magic:  14/14      EV:  9    Int:  6    God:    Okawaru [******]
Gold:   759        SH:  0    Dex:  9    Spells: 11/11 levels left

rFire   . .          .
                       - Unarmed
rCold   . . .        (shield currently unavailable)
rNeg    . . .        o - +1 troll leather armour {Pargi}
rPois   .            (helmet restricted)
rElec   .            w - +1 cloak
rCorr   .            (gloves unavailable)
SInv    .            (boots unavailable)
Will    .....        g - amulet of the acrobat
Stlth   +            B - +4 ring of protection
HPRegen 2.00/turn    K - ring of Shadows {Umbra +Inv Stlth+}
MPRegen 0.14/turn

%: acrobat
@: lethally poisoned (-3 -> -13), about to teleport, flux-form, slowed, glowing,
very slow
A: glow, contaminating, large, unfitting armour, claws 3, regeneration 1, shaggy
fur 1, tough skin 1
a: Begin Untransformation, Renounce Religion, Evoke Invisibility, Heroism,
Finesse, Duel


You were on level 1 of the Lair of Beasts.
You worshipped Okawaru.
Okawaru was exalted by your worship.
You were something dangerously unstable.
You visited 3 branches of the dungeon, and saw 13 of its levels.
You also visited: Sewer.

You collected 759 gold pieces.

Inventory:

Hand Weapons
 L - a +0 morningstar
Missiles
 j - 2 throwing nets
 O - 2 silver javelins
 S - 3 datura-tipped darts
 U - 9 large rocks
Armour
 o - a +1 troll leather armour (worn) {Pargi}
 w - a +1 cloak (worn)
 T - +0 steam dragon scales
Jewellery
 a - a +6 ring of strength
 g - an amulet of the acrobat (around neck)
 h - a ring of protection from cold
 l - a +5 ring of evasion
 n - a ring of protection from fire
 t - a ring of willpower
 v - a +6 ring of strength
 B - a +4 ring of protection (left claw)
 F - a ring of protection from cold
 H - a ring of positive energy
 I - a ring of see invisible
 K - the ring of Shadows (right claw) {Umbra +Inv Stlth+}
   (You found it on level 9 of the Dungeon)

   [ring of stealth]

   Umbra:     It surrounds you with an aura of shadow, increasing your stealth
   and reducing the accuracy of all others within it.
   +Inv:      It lets you turn invisible.
   Stlth+:    It makes you more stealthy.
 Q - a ring of poison resistance
Talismans
 c - a beast talisman
 d - a flux talisman (active)
 C - a maw talisman
Wands
 A - a wand of digging (10)
 D - a wand of flame (27)
 G - a wand of light (7)
Scrolls
 e - 11 scrolls of identify
 p - 2 scrolls of brand weapon
 q - 2 scrolls of enchant weapon
 r - 2 scrolls of fog
 s - 6 scrolls of teleportation
 u - a scroll of immolation
 y - a scroll of vulnerability
 z - a scroll of enchant armour
 E - 2 scrolls of poison
 P - a scroll of revelation
Potions
 b - 2 potions of lignification
 f - 4 potions of degeneration {unknown}
 i - 3 potions of mutation {unknown}
 k - 5 potions of invisibility {unknown}
 m - 3 potions of curing
 x - 2 potions of berserk rage {unknown}
 J - 2 potions of resistance {unknown}
 M - a potion of magic {unknown}
 N - 3 potions of ambrosia {unknown}
 R - a potion of heal wounds {unknown}
 V - a potion of might {unknown}


   Skills:
 + Level 9.5 Fighting
 + Level 3.0 Throwing
 - Level 1.5 Dodging
 + Level 11.5 Unarmed Combat
 - Level 4.4 Invocations
 - Level 2.6 Evocations
 + Level 10.6 Shapeshifting


You had 11 spell levels left.
You didn't know any spells.
Your spell library contained the following spells:

 Spells                   Type           Power      Damage    Failure   Level
 Lesser Beckoning         Tloc           0%         N/A       63%         2
 Poisonous Vapours        Pois/Air       0%         N/A       63%         2
 Sublimation of Blood     Necr           0%         N/A       63%         2
 Wereblood                Tmut           0%         N/A       63%         2
 Mephitic Cloud           Conj/Pois/Air  0%         N/A       86%         3
 Leda's Liquefaction      Hex/Erth       0%         N/A       99%         4
 Manifold Assault         Tloc           0%         N/A       99%         4
 Passage of Golubria      Tloc           0%         N/A       99%         4
 Petrify                  Tmut/Erth      0%         N/A       99%         4
 Freezing Cloud           Conj/Ice/Air   0%         6-21      100%        5
 Irradiate                Conj/Tmut      0%         3d11      100%        5
 Lee's Rapid Deconstruct  Erth           0%         3d4*      100%        5
 Bombard                  Conj/Erth      0%         9d1       100%        6


Dungeon Overview and Level Annotations

Branches:
Dungeon (11/15)            Temple (1/1) D:5            Lair (1/5) D:11
    Orc (0/2) D:9           Sewer (visited)

Altars:
Ashenzari
Cheibriados
Dithmenos
Elyvilon
Fedhas
Gozag
Hepliaklqana
Kikubaaqudgha
Makhleb
Nemelex Xobeh
Okawaru
Qazlal
Ru
Sif Muna
Trog
Uskayaw
Vehumet
Wu Jian
Xom
Yredelemnul
Zin
The Shining One

Shops:
D:1 (   D:5 [   D:6 *

Annotations:
D:7 1 runed translucent door, Crazy Yiuf
Lair:1 Amaemon


Innate Abilities, Weirdness & Mutations

You are something dangerously unstable.
You glow with magical radiation, making you easy to see and hit.
Foes you strike become dangerously contaminated with magical radiation.
You are incapable of wielding weapons or throwing items.
You are too large for most types of armour.
You have claws for hands.
Your natural rate of healing is unusually fast.
You are covered in fur. (AC +1)
You have tough skin. (AC +1)


Message History

* * * LOW HITPOINT WARNING * * *
Amaemon completely misses you. Amaemon claws you.
* * * LOW HITPOINT WARNING * * *
Amaemon tail-slaps you.
* * * LOW HITPOINT WARNING * * *
The orange demon stings you but does no damage.
You feel very sick.
The orange demon no longer looks unusually toxic.
Amaemon attacks as he pursues you! Amaemon misses you.
Amaemon claws you but does no damage. Amaemon barely misses you.
You feel very sick.
Amaemon hits you with a -1 demon whip of venom!
* * * LOW HITPOINT WARNING * * *
Amaemon claws you.
* * * LOW HITPOINT WARNING * * *
Amaemon tail-slaps you but does no damage.
The orange demon completely misses you.
You feel sick.
Amaemon gestures at the orange demon while chanting.
The orange demon seems to grow toxic.
You feel sick.
You feel sick.
The orange demon attacks as it pursues you!
The orange demon barely misses you.
You miss Amaemon.
Amaemon is moderately wounded.
You feel sick. The orange demon closely misses you.
Amaemon hits you but does no damage.
You are more poisoned.
Amaemon claws you but does no damage.
Amaemon tail-slaps you but does no damage.
Okay, then.
As you read the scroll of teleportation, it crumbles to dust.
You feel strangely unstable.
You feel very sick. The orange demon stings you from afar.
* * * LOW HITPOINT WARNING * * *
You are lethally poisoned!
You have difficulty breathing.
You die...

.........P.###.#
...............#
...###....###.###
#........†[...##
#..###.#####...#
. ##.#.###...#
##..##.........##
.##
....#...###...#
.... #...#.p.#
#...## ..##..
#6#####....# #
....[##4#
#.....##
###.##..#.#.#
##.....#
........##..#
##..#.#
........†...#
#.....#
###.#.#.#####
##..#.#### # ###
#..#.##.####
##...........


You could see Amaemon (misshapen) and an orange demon (curare).

Vanquished Creatures
  3 centaur warriors
  4 two-headed ogres
  The ghost of croobank the Cudgeller, a novice MeFi of Qazlal (D:9)
  2 ugly things (D:9)
  A manticore (D:9)
  A cyclops (D:9)
  An elephant (D:11)
  Joseph (D:7)
  A cane toad (Lair:1)
  6 komodo dragons
  A yaktaur (D:11)
  A merfolk (D:9)
  2 trolls
  A polar bear (Lair:1)
  3 blink frogs (Lair:1)
  Prince Ribbit (D:5)
  A slime creature (D:9)
  4 wyverns
  2 vampires
  4 yaks (Lair:1)
  A basilisk (D:11)
  A steam dragon (D:10)
  2 acid dragons (D:11)
  4 water moccasins
  Pargi (Sewer)
  4 orc warriors (D:9)
  2 sky beasts
  An ice beast (D:6)
  2 black bears
  3 ogres (D:6)
  6 centaurs
  2 phantoms
  A kobold brigand (D:8)
  3 gnoll sergeants (D:9)
  3 bullfrogs
  A scorpion (D:6)
  23 wights
  19 killer bees
  2 howler monkeys
  8 hounds
  A jelly (D:6)
  2 orc priests
  A gnoll bouda (D:10)
  3 iguanas
  13 orc wizards
  7 adders
  18 gnolls
  2 shadow imps
  A white imp (D:5)
  4 ufetubi
  A worm (D:3)
  4 dart slugs
  36 orcs
  9 endoplasms
  6 giant cockroaches
  4 goblins
  4 hobgoblins
  A jackal (D:3)
  2 quokkas
  12 ball pythons
  8 bats
  12 frilled lizards
  10 kobolds
  8 rats
299 creatures vanquished.

Notes
Turn   | Place    | Note
-------+----------+-------------------------------------------
     0 | D:1      | DocClef the Troll Shapeshifter began the quest for the Orb.
     0 | D:1      | Reached XP level 1. HP: 18/18 MP: 0/0
   111 | D:1      | Reached skill level 1 in Fighting
   142 | D:1      | Reached XP level 2. HP: 27/27 MP: 1/1
   165 | D:1      | Found Neshemm's Weapon Boutique.
   764 | D:2      | Reached XP level 3. HP: 33/33 MP: 2/2
  1322 | D:2      | Reached XP level 4. HP: 38/42 MP: 3/3
  1447 | D:3      | Found a blossoming altar of Fedhas.
  1477 | D:3      | Found a shimmering blue altar of Sif Muna.
  1877 | D:3      | Found a glowing drain.
  1891 | Sewer    | Entered a sewer
  1906 | Sewer    | Reached skill level 4 in Unarmed Combat
  1935 | Sewer    | Noticed Pargi
  1940 | Sewer    | Killed Pargi
  1941 | Sewer    | Reached XP level 5. HP: 47/50 MP: 4/4
  2447 | D:4      | Noticed a phantom
  2457 | D:4      | Killed a phantom
  2458 | D:4      | Reached XP level 6. HP: 61/61 MP: 5/5
  2992 | D:4      | Reached skill level 5 in Unarmed Combat
  3075 | D:5      | Entered Level 5 of the Dungeon
  3104 | D:5      | Found a staircase to the Ecumenical Temple.
  3175 | D:5      | Found Eroemif's Armour Emporium.
  3232 | D:5      | Found an opulent altar of Gozag.
  3379 | D:5      | Noticed Prince Ribbit
  3395 | D:5      | Killed Prince Ribbit
  3396 | D:5      | Reached skill level 5 in Shapeshifting
  3396 | D:5      | Reached XP level 7. HP: 67/68 MP: 6/6
  3408 | Temple   | Entered the Ecumenical Temple
  3417 | Temple   | Became a worshipper of Warmaster Okawaru
  3834 | D:6      | Reached skill level 6 in Unarmed Combat
  3864 | D:6      | Reached XP level 8. HP: 79/79 MP: 7/7
  3865 | D:6      | Found Asuown's Assorted Antiques.
  3929 | D:6      | Reached * piety under Okawaru
  3951 | D:6      | Found a basalt altar of Yredelemnul.
  4002 | D:6      | Reached skill level 5 in Fighting
  4170 | D:6      | Reached ** piety under Okawaru
  4171 | D:6      | Reached skill level 7 in Unarmed Combat
  4660 | D:7      | Reached XP level 9. HP: 77/89 MP: 8/8
  4688 | D:7      | Noticed Joseph
  4697 | D:7      | Killed Joseph
  4843 | D:7      | Found a runed translucent door.
  4844 | D:7      | Noticed Crazy Yiuf
  5021 | D:7      | Found a burning altar of Makhleb.
  5167 | D:8      | Identified the "Itot"
  5200 | D:8      | Found a white marble altar of Elyvilon.
  5213 | D:8      | Reached skill level 8 in Unarmed Combat
  5218 | D:8      | Reached *** piety under Okawaru
  5436 | D:8      | Noticed a two-headed ogre
  5446 | D:8      | Killed a two-headed ogre
  5446 | D:8      | Reached **** piety under Okawaru
  5494 | D:8      | Found a radiant altar of Vehumet.
  5629 | D:8      | Reached XP level 10. HP: 102/102 MP: 9/9
  5696 | D:8      | Reached skill level 9 in Unarmed Combat
  5932 | D:9      | Found the ring of Shadows {Umbra +Inv Stlth+}
  5953 | D:9      | Reached skill level 1 in Invocations
  6034 | D:9      | Found a staircase to the Orcish Mines.
  6128 | D:9      | Found a sacrificial altar of Ru.
  6174 | D:9      | Reached ***** piety under Okawaru
  6328 | D:9      | Found a runed translucent door.
  6328 | D:9      | Noticed croobank's ghost (novice MeFi)
  6544 | D:9      | Found a snail-covered altar of Cheibriados.
  6716 | D:9      | Noticed a cyclops
  6721 | D:9      | Killed a cyclops
  6727 | D:9      | Received a gift from Okawaru
  6876 | D:9      | Found a shadowy altar of Dithmenos.
  6971 | D:9      | Noticed a manticore
  6971 | D:9      | Noticed a cyan ugly thing
  6979 | D:9      | Killed a cyan ugly thing
  6979 | D:9      | Noticed a green ugly thing
  6982 | D:9      | Killed a green ugly thing
  6983 | D:9      | Reached skill level 10 in Unarmed Combat
  6983 | D:9      | Noticed a centaur warrior
  6983 | D:9      | Noticed a centaur warrior
  6987 | D:9      | Killed a manticore
  6988 | D:9      | Reached XP level 11. HP: 75/111 MP: 5/12
  6993 | D:9      | Killed a centaur warrior
  7003 | D:9      | Killed a centaur warrior
  7070 | D:9      | Identified the staff of Muasm {rN+ Stlth+ Necro}
  7407 | D:9      | Killed croobank's ghost
  7461 | D:10     | Entered Level 10 of the Dungeon
  7507 | D:10     | Received a gift from Okawaru
  7513 | D:10     | Reached skill level 1 in Evocations
  7563 | D:10     | Found a stormy altar of Qazlal.
  7605 | D:10     | Noticed a two-headed ogre
  7614 | D:10     | Killed a two-headed ogre
  7679 | D:10     | Found an ancient bone altar of Kikubaaqudgha.
  7717 | D:10     | Found a bloodstained altar of Trog.
  7889 | D:10     | Found a glowing silver altar of Zin.
  8102 | D:11     | Noticed a centaur warrior
  8154 | D:11     | Found a staircase to the Lair.
  8236 | D:11     | Reached skill level 10 in Shapeshifting
  8310 | D:11     | Killed a centaur warrior
  8316 | D:11     | Noticed a two-headed ogre
  8326 | D:11     | Killed a two-headed ogre
  8326 | D:11     | Received a gift from Okawaru
  8327 | D:11     | Reached skill level 11 in Unarmed Combat
  8458 | D:11     | Noticed a two-headed ogre
  8482 | D:11     | Killed a two-headed ogre
  8483 | D:11     | Reached skill level 1 in Throwing
  8562 | D:11     | Reached XP level 12. HP: 123/123 MP: 14/14
  8761 | Lair:1   | Entered Level 1 of the Lair of Beasts
  9030 | Lair:1   | Reached ****** piety under Okawaru
  9040 | Lair:1   | Acquired the +1 glaive of the Baleful God {freeze, Contam
                  | rElec rC++ Int+4}
  9040 | Lair:1   | Received a gift from Okawaru
  9041 | Lair:1   | Acquired the +0 robe "Lier" {rElec rC+}
  9041 | Lair:1   | Received a gift from Okawaru
  9065 | Lair:1   | Received a gift from Okawaru
  9104 | Lair:1   | Noticed Amaemon
  9126 | Lair:1   | HP: 5/124 [Amaemon/-1 demon whip of venom (7)]
  9131 | Lair:1   | HP: 5/124 [orange demon[Amaemon] (4)]
  9131 | Lair:1   | Asphyxiated

Illustrated notes

Levels and vault maps discovered:
D:1:      lemuel_arrival_behind_the_door_small, layout_loops_ring, serial_shops,
          nicolae_shop_bloodbath_and_beyond
D:2:      layout_basic, minmay_tetromino_l4
D:3:      minmay_door_path, layout_basic, led_sif_pool, fedhas_ov_isle_minmay,
          portal_sewer_entry_d, dreamdust_princess_corridor
D:4:      layout_loops_cross
D:5:      layout_cave_pods, general_overflow_altar, temple_statues,
          serial_shops, nicolae_shop_just_a_little_nook, uniq_prince_ribbit1
D:6:      layout_basic, mainiacjoe_overflow_tiny_flanked, serial_shops, shop
D:7:      layout_basic, mainiacjoe_overflow_six_doors_small,
          uniq_crazy_yiuf_cottage, uniq_joseph
D:8:      layout_loops_cross, mainiacjoe_overflow_catwalk,
          nicolae_vehumet_radiance, kennysheep_generic_room_8
D:9:      minmay_the_grid_square_5x5_3x3
          [minmay_the_grid_square_5x5_tetrominoes,
          minmay_the_grid_square_5x5_two,
          minmay_the_grid_square_5x5_eight_small,
          minmay_the_grid_square_5x5_tie,
          minmay_the_grid_square_5x5_megaprize_diamond,
          minmay_the_grid_square_5x5_beaten_path,
          minmay_the_grid_square_5x5_shrine2,
          minmay_the_grid_square_5x5_misaligned,
          minmay_the_grid_square_5x5_spiral_small], layout_layer_cave,
          grunt_dithmenos_smoke, mainiacjoe_overflow_small_starburst,
          david_orc_4, hellmonk_ghost_happy_afterlife, roadster_trireme
D:10:     layout_basic, mainiacjoe_overflow_swirl, lightli_temple_of_fire,
          kennysheep_mini
D:11:     layout_cave_pools, david_lair_generic, minmay_sticks_and_stones
Temple:   nicolae_temple_ecumenical_triangle
Lair:1:   layout_loops_ring, uniq_amaemon

Skill      XL: |  1  2  3  4  5  6  7  8  9 10 11 12 |
---------------+-------------------------------------+-----
Fighting       | 1 2 3 4 5 7 8 9 |  9.5
Unarmed Combat | 4 5 6 7 8 10 11 | 11.5
Shapeshifting  | 4 5 6 8 9 10 | 10.6
Invocations    | 3 4 |  4.4
Evocations     | 2 |  2.6
Throwing       | 1 3 |  3.0
Dodging        | |  1.5

Action                     |  1- 3 |  4- 6 |  7- 9 | 10-12 || total
---------------------------+-------+-------+-------+-------++-------
  Melee: Unarmed           |    81 |   160 |   197 |   400 ||   838
         Punch             |     2 |     3 |     9 |    14 ||    28
 Invoke: Heroism           |       |       |       |     2 ||     2
         Finesse           |       |       |       |     1 ||     1
         Receive Weapon    |       |       |       |     1 ||     1
         Receive Armour    |       |       |       |     1 ||     1
    Use: Scroll            |       |     4 |       |    12 ||    16
         Potion            |       |       |       |     1 ||     1
   Stab: Sleeping          |     1 |     1 |       |     3 ||     5
 Armour: Animal skin       |    31 |    24 |       |       ||    55
         Troll leather arm |       |    39 |    89 |   335 ||   463
  Dodge: Dodged            |    37 |   123 |   139 |   313 ||   612
   Form: Flux              |       |       |       |     1 ||     1

Table legend: (Time is in decaauts)
 A = Elapsed time spent in this place.
 B = Non-inter-level travel time spent in this place.
 C = Inter-level travel time spent in this place.
 D = Time resting spent in this place.
 E = Time spent auto-exploring this place.
 F = Levels seen in this place.
 G = Mean time per level.
                   A        B        C        D        E       F      G
               +--------+--------+--------+--------+--------+-----+--------+
         Total |   8997 |   8591 |    406 |    212 |   6506 |  14 |  642.6 |
       Dungeon |   8496 |   8095 |    401 |    212 |   6240 |  11 |  772.4 |
        Temple |     14 |     10 |      4 |      0 |      0 |   1 |   14.0 |
          Lair |    355 |    355 |      0 |      0 |    227 |   1 |  355.0 |
         Sewer |    130 |    130 |      0 |      0 |     39 |   1 |  130.0 |
               +--------+--------+--------+--------+--------+-----+--------+

Top non-repeatable levels by time:
     D:9: 1512 daAuts
     D:3: 892 daAuts
     D:1: 732 daAuts
     D:8: 726 daAuts
    D:10: 711 daAuts
     D:6: 702 daAuts
     D:5: 694 daAuts
     D:2: 672 daAuts
     D:7: 659 daAuts
     D:4: 627 daAuts
    D:11: 563 daAuts
  Lair:1: 355 daAuts
   Sewer: 130 daAuts
  Temple: 14 daAuts
